 Dungeon Crawl Stone Soup version 0.20-a0-309-gcba9277 (webtiles) character file.

544 tboon the Chopper (level 7, -5/61 HPs)
             Began as a Minotaur Fighter on Dec 19, 2016.
             Slain by a gnoll
             ... wielding a +0 halberd
              (10 damage)
             ... on level 4 of the Dungeon.
             The game lasted 00:08:30 (3198 turns).

tboon the Chopper (Minotaur Fighter)                Turns: 3198, Time: 00:08:31

Health: -5/61      AC:  7    Str: 21    XL:     7   Next: 6%
Magic:  6/6        EV:  9    Int:  5    God:
Gold:   228        SH: 10    Dex: 11    Spells: 6/6 levels left

rFire  . . .     SeeInvis .     a - +1 war axe
rCold  . . .     Gourm    .     b - +0 scale mail
rNeg   . . .     Faith    .     c - +0 shield
rPois  .         Spirit   .     (helmet restricted)
rElec  .         Reflect  .     (no cloak)
rCorr  .         Harm     .     (no gloves)
MR     .....                    (no boots)
Stlth  +.........               (no amulet)
                                (no ring)
                                o - ring of stealth {Stlth+}

@: no status effects
A: retaliatory headbutt, horns 2
a: no special abilities


You were on level 4 of the Dungeon.
You were not hungry.

You visited 1 branch of the dungeon, and saw 4 of its levels.

You collected 228 gold pieces.

Inventory:

Hand Weapons
 a - a +1 war axe (weapon)
Armour
 b - a +0 scale mail (worn)
 c - a +0 shield (worn)
Jewellery
 o - a ring of stealth (left hand) {Stlth+}
   (You found it on level 2 of the Dungeon)
Scrolls
 g - a scroll of remove curse
 j - a scroll of noise {unknown}
 k - 2 scrolls of magic mapping {!r}
 q - a scroll of fear {unknown}
Potions
 e - a potion of magic {unknown}
 l - 2 potions of heal wounds {unknown}
 n - a potion of agility {unknown}
 p - 3 potions of brilliance {unknown}
 r - 2 potions of lignification {unknown}
Comestibles
 d - 2 beef jerkies
 f - 2 bread rations
 h - 3 meat rations
 i - 8 fruits
 m - 16 chunks of flesh


   Skills:
 + Level 5.0 Fighting
 * Level 5.7 Axes
 + Level 5.4 Armour
 + Level 2.9 Dodging
 + Level 4.8 Shields


You had 6 spell levels left.
You didn't know any spells.

Dungeon Overview and Level Annotations

Branches:
Dungeon (4/15)
 Temple: D:4-7

Altars:
Ashenzari
Qazlal
Uskayaw
Zin


Innate Abilities, Weirdness & Mutations

You reflexively headbutt those who attack you in melee.
You have a pair of horns on your head.


Message History

The jackal is moderately wounded.
The jackal bites you but does no damage.
You block the jackal's attack.
You slash the jackal!
You kill the jackal!
You block the gnoll's attack.
You see here a jackal corpse.
You slash the gnoll!
The gnoll is heavily wounded.
The gnoll hits you with a halberd. You block the gnoll's attack. x2
A gnoll comes into view. It is wielding a spear.
The gnoll shouts!
You hit the gnoll but do no damage.
The gnoll is heavily wounded.
You block the gnoll's attack.
The gnoll moves out of view.
The gnoll hits you but does no damage. The gnoll hits you with a halberd!
You hit the gnoll but do no damage.
The gnoll is heavily wounded.
You block the gnoll's attack. The gnoll hits you with a halberd.
The gnoll shouts!
You hit the gnoll. You headbutt the gnoll.
You kill the gnoll!
The gnoll hits you from afar with a spear.
A gnoll comes into view. It is wielding a spear.
You are too injured to fight recklessly!
The gnoll shouts! x2
The gnoll barely misses you.
Things that are here:
a halberd; a leather armour You barely miss the gnoll.
You block the gnoll's attack. x2
The gnoll hits you but does no damage. The gnoll closely misses you.
You hit the gnoll.
You headbutt the gnoll, but do no damage.
The gnoll is moderately wounded.
The gnoll hits you but does no damage. The gnoll closely misses you.
You slash the gnoll!
You kill the gnoll!
You have reached level 7!
The gnoll hits you from afar with a spear.
A gnoll comes into view. It is wielding a club.
The gnoll shouts!
The gnoll barely misses you. x2
You see here a spear.
You hit the gnoll. You headbutt the gnoll!
The gnoll is severely wounded.
You slash the gnoll! The gnoll hits you with a spear.
The gnoll hits you with a spear!
The gnoll hits you from afar with a halberd.
The gnoll barely misses you. You furiously retaliate!
You headbutt the gnoll!
You kill the gnoll!
You hit the gnoll.
You headbutt the gnoll, but do no damage.
The gnoll is almost dead.
You block the gnoll's attack.
The gnoll splashes around in the water.
You block the gnoll's attack.
You hit the gnoll but do no damage.
The gnoll is almost dead.
The gnoll hits you from afar with a halberd.
* * * LOW HITPOINT WARNING * * *
You block the gnoll's attack.
A gnoll comes into view.
Your shield and scale mail prevent you from hitting the gnoll.
The gnoll shouts!
You hit the gnoll but do no damage. The gnoll hits you with a spear!
* * * LOW HITPOINT WARNING * * *
The gnoll closely misses you.
Okay, then.
You slash the gnoll! Your headbutt misses the gnoll.
The gnoll is almost dead.
You completely miss the gnoll. You block the gnoll's attack.
The gnoll hits you with a club.
* * * LOW HITPOINT WARNING * * *
The gnoll hits you from afar with a halberd.
* * * LOW HITPOINT WARNING * * *
The gnoll barely misses you. You furiously retaliate!
You headbutt the gnoll.
You kill the gnoll!
Things that are here:
a halberd; a leather armour The gnoll throws a throwing net.
The throwing net hits you.
You become entangled in the net!
Things that are here:
a throwing net {=f, !d}; a jackal corpse You tear a large gash into the net.
You shred the net and break free! You block the gnoll's attack.
Things that are here:
a whip; a gnoll corpse; a jackal corpse The gnoll throws a throwing net.
The throwing net hits you.
You become entangled in the net!
You see here a throwing net {=f, !d}.
You struggle against the net.
You struggle against the net.
The gnoll barely misses you.
You struggle against the net.
The gnoll barely misses you.
You struggle against the net.
The gnoll hits you but does no damage.
You shred the net and break free! You block the gnoll's attack.
You slash the gnoll!
You kill the gnoll!
Your shield prevents you from hitting the gnoll.
You block the gnoll's attack.
The gnoll hits you from afar with a halberd!
You die...

##≈≈≈≈≈≈≈≈≈≈≈≈....≈≈≈≈≈≈≈≈≈≈≈≈###
≈≈≈≈≈≈≈≈≈≈≈≈≈≈....≈≈≈≈≈≈≈≈≈≈≈≈≈≈≈
≈≈≈≈≈≈≈≈≈≈≈≈≈≈....≈≈≈≈≈≈≈≈≈≈≈≈≈≈≈
....................).(..........
......).#####.#.# #g# #######
.###.##.# #.#.# #)# .# #.##.##
##.#.# #g# .# #.....###....####g#
#### .# ####..#......@g.#.# #...
.######..#.#...###g#.# #.##
...................g.# #.#
##########.##.####.### #.#
#.........# #.## ####.###### #...
#.# #### #.# #.#


You could see 3 gnolls.

Vanquished Creatures
  The ghost of SeanCanFly the Ruffian, an amateur DrTm (D:3)
  2 orc priests (D:3)
  Natasha (thrice) (D:2)
  2 worker ants
  3 adders
  10 gnolls (D:4)
  2 worms (D:3)
  A dart slug (D:1)
  4 leopard geckos
  4 orcs
  A ball python (D:3)
  6 bats
  5 giant cockroaches
  6 goblins
  8 hobgoblins
  25 jackals
  A quokka (D:2)
  6 frilled lizards
  4 kobolds
  8 rats
102 creatures vanquished.

Notes
Turn   | Place    | Note
-------+----------+-------------------------------------------
     0 | D:1      | tboon the Minotaur Fighter began the quest for the Orb.
     0 | D:1      | Reached XP level 1. HP: 19/19 MP: 0/0
    54 | D:1      | Reached XP level 2. HP: 27/27 MP: 1/1
   206 | D:1      | Reached skill level 1 in Dodging
   467 | D:2      | Noticed Natasha
   474 | D:2      | Noticed a crimson imp
   479 | D:2      | Killed Natasha
   479 | D:2      | Reached skill level 4 in Fighting
   479 | D:2      | Reached skill level 3 in Axes
   479 | D:2      | Reached skill level 4 in Armour
   479 | D:2      | Reached XP level 3. HP: 28/33 MP: 2/2
   614 | D:2      | Found a stormy altar of Qazlal.
   675 | D:2      | Noticed Natasha
   686 | D:2      | Killed Natasha
   686 | D:2      | Reached skill level 4 in Shields
   686 | D:2      | Reached XP level 4. HP: 36/40 MP: 3/3
   790 | D:2      | Noticed Natasha
   818 | D:2      | Killed Natasha
   818 | D:2      | Reached skill level 4 in Axes
  1119 | D:2      | Reached XP level 5. HP: 47/47 MP: 4/4
  1340 | D:3      | HP: 5/47 [orc priest/divine providence (16)]
  1341 | D:3      | HP: 2/47 [orc priest/club (3)]
  1342 | D:3      | Reached skill level 2 in Dodging
  1808 | D:3      | Found a shattered altar of Ashenzari.
  2156 | D:3      | Noticed SeanCanFly's ghost (amateur DrTm)
  2175 | D:3      | Killed SeanCanFly's ghost
  2175 | D:3      | Reached skill level 5 in Axes
  2175 | D:3      | Reached XP level 6. HP: 39/55 MP: 5/5
  2286 | D:3      | Reached skill level 5 in Armour
  2704 | D:4      | Found a glowing silver altar of Zin.
  2734 | D:4      | Reached skill level 5 in Fighting
  2877 | D:4      | Found a hide-covered altar of Uskayaw.
  3173 | D:4      | Reached XP level 7. HP: 36/61 MP: 6/6
  3178 | D:4      | HP: 10/61 [gnoll/spear (8)]
  3179 | D:4      | HP: 1/61 [gnoll/halberd (6)]
  3198 | D:4      | Slain by a gnoll

Vault maps used:
D:1:      minmay_arrival_cross
D:2:      grunt_qazlal_clouds, minmay_distorted, uniq_natasha
D:3:      lemuel_doored_altar, first_bread
D:4:      lemuel_castle_with_subvaults, nicolae_overflow_hidden_temple,
          nicolae_overflow_crystal_walls

Skill      XL: |  1  2  3  4  5  6 |
---------------+-------------------+-----
Dodging        | 1 2 |  2.9
Fighting       | 4 5 |  5.0
Axes           | 3 4 5 |  5.7
Armour         | 4 5 |  5.4
Shields        | 4 |  4.8

Action                   |  1- 3 |  4- 6 |  7- 9 || total
-------------------------+-------+-------+-------++-------
Melee: War axe           |    63 |   227 |     7 ||   297
       Headbutt          |     9 |    39 |     2 ||    50
  Use: Scroll            |     2 |     3 |       ||     5
       Potion            |       |     1 |       ||     1
  Eat: Chunk             |       |     8 |       ||     8
Armor: Scale mail        |    25 |    87 |     1 ||   113
Dodge: Dodged            |    30 |    78 |     7 ||   115
Block: Shield            |    43 |   130 |     7 ||   180

Vault maps used:
D:1:      minmay_arrival_cross
D:2:      grunt_qazlal_clouds, minmay_distorted, uniq_natasha
D:3:      lemuel_doored_altar, first_bread
D:4:      lemuel_castle_with_subvaults, nicolae_overflow_hidden_temple,
          nicolae_overflow_crystal_walls

Table legend:
 A = Turns spent in this place as a percentage of turns spent in the entire game.
 B = Non-inter-level travel turns spent in this place as a percentage of non-inter-level travel turns spent in the entire game.
 C = Inter-level travel turns spent in this place as a percentage of turns spent in this place.
 D = Turns resting spent in this place as a percentage of non-inter-level travel turns spent in this place.
 E = Turns spent auto-exploring this place as a percentage of non-inter-level travel turns spent in this place.
 F = Non-inter-level travel turns spent in this place divided by the number of levels of this place that you've seen.
                   A       B       C       D       E      F
               +-------+-------+-------+-------+-------+----------------------
         Total | 100.0 | 100.0 |   0.6 |   2.2 |  14.1 | 173.2
       Dungeon | 100.0 | 100.0 |   0.6 |   2.2 |  14.1 | 173.2
               +-------+-------+-------+-------+-------+----------------------

Table legend:
 A = Kills in this place as a percentage of kills in entire the game.
 B = Kills by you in this place as a percentage of kills by you in the entire game.
 C = Kills by friends in this place as a percentage of kills by friends in the entire game.
 D = Other kills in this place as a percentage of other kills in the entire game.
 E = Experience gained in this place as a percentage of experience gained in the entire game.
 F = Experience gained in this place divided by the number of levels of this place that you have seen.
                   A       B       C       D       E      F
               +-------+-------+-------+-------+-------+----------------------
         Total | 100.0 | 100.0 |  -nan |  -nan | 100.0 | 194.5
       Dungeon | 100.0 | 100.0 |  -nan |  -nan | 100.0 | 194.5
               +-------+-------+-------+-------+-------+----------------------
